 Dungeon Crawl Stone Soup version 0.20.0-15-g7f486f2 (webtiles) character file.

1593 greprep the Nimble (level 8, -8/64 HPs)
             Began as a Minotaur Fighter on June 30, 2017.
             Was a Follower of Qazlal.
             Mangled by an orc warrior
             ... wielding a +0 dire flail
              (12 damage)
             ... on level 7 of the Dungeon.
             The game lasted 00:09:58 (7597 turns).

greprep the Nimble (Minotaur Fighter)               Turns: 7597, Time: 00:09:59

Health: -8/64      AC:  1    Str: 24    XL:     8   Next: 61%
Magic:  7/7        EV: 12    Int: 10    God:    Qazlal [*.....]
Gold:   320        SH: 12    Dex:  9    Spells: 7/7 levels left

rFire    . . .     SeeInvis .   a - +0 war axe
rCold    . . .     Gourm    .   c - +1 shield
rNeg     . . .     Faith    .   b - +0 scale mail
rPois    .         Spirit   .   s - +1 hat
rElec    .         Reflect  .   (no cloak)
rCorr    .         Harm     .   p - +0 pair of gloves
MR       .....                  (no boots)
Stlth    ..........             (no amulet)
Regen    0.2/turn               h - +5 ring of intelligence
MPRegen  0.1/turn               D - +4 ring of slaying

@: corroded, drained
A: retaliatory headbutt, horns 2
a: Renounce Religion


You were on level 7 of the Dungeon.
You worshipped Qazlal.
Qazlal was aware of your devotion.
You were near starving.

You visited 2 branches of the dungeon, and saw 8 of its levels.

You collected 320 gold pieces.

Inventory:

Hand Weapons
 a - a +0 war axe (weapon)
Armour
 b - a +0 scale mail (worn)
 c - a +1 shield (worn)
 p - a +0 pair of gloves (worn)
 s - a +1 hat (worn)
Jewellery
 g - an uncursed ring of flight
 h - a +5 ring of intelligence (left hand)
 D - a +4 ring of slaying (right hand)
Wands
 j - a wand of random effects (26/48)
 z - a wand of polymorph (10/24)
 B - a wand of flame (44/48)
 E - a wand of flame (36/48)
Scrolls
 i - 2 scrolls of teleportation
 l - 2 scrolls of enchant armour
 q - a scroll of enchant weapon {unknown}
 t - a scroll of amnesia
 u - a scroll of recharging {unknown}
 v - 2 scrolls of remove curse
 y - a scroll of fog {unknown}
 F - a scroll of blinking {unknown}
Potions
 d - a potion of might
 e - a potion of magic {unknown}
 k - a potion of haste {unknown}
 m - a potion of mutation {unknown}
 n - a potion of brilliance {unknown}
 o - a potion of degeneration {unknown}
 r - 5 potions of curing {unknown}
 w - a potion of flight {unknown}
 A - a potion of lignification {unknown}
 C - a potion of heal wounds
Comestibles
 f - 5 bread rations
 x - a royal jelly


   Skills:
 - Level 3.6(3.4) Fighting
 - Level 2.4(2.2) Axes
 - Level 3.6(3.4) Armour
 * Level 11.6(11.3) Dodging
 - Level 3.6(3.4) Shields


You had 7 spell levels left.
You didn't know any spells.

Dungeon Overview and Level Annotations

Branches:
Dungeon (7/15)             Temple (1/1) D:4

Altars:
Ashenzari
Cheibriados
Dithmenos
Elyvilon
Fedhas
Gozag
Hepliaklqana
Kikubaaqudgha
Makhleb
Nemelex Xobeh
Okawaru
Qazlal
Ru
Sif Muna
Uskayaw
Vehumet
Zin
The Shining One

Shops:
D:5 (


Innate Abilities, Weirdness & Mutations

You reflexively headbutt those who attack you in melee.
You have a pair of horns on your head.


Message History

You hit the orc warrior.
The orc warrior is lightly wounded.
The orc warrior zaps a wand.
The bolt of acid hits you! The acid corrodes you!
You are splashed with acid!
The acid burns!
You barely miss the orc warrior. You headbutt the orc warrior!
The orc warrior is heavily wounded.
The orc warrior hits you with a dire flail!!
You are too injured to fight recklessly!
Unknown command.
You closely miss the orc. You headbutt the orc!
You kill the orc!
Qazlal accepts your kill.
You closely miss the orc warrior.
The orc warrior zaps a wand.
The bolt of acid hits you!
* * * LOW HITPOINT WARNING * * *
The acid corrodes you!
You are splashed with acid!
The acid burns!
* * * LOW HITPOINT WARNING * * *
The orc misses you.
The orc warrior hits you with a dire flail!
You die...

..... ....#
.... ... .>
.# #
#####o##.##.
#<..@o......
#...........
#...........
##'########+
... #....
#.....
#......
#......[


You could see an orc warrior and an orc.

Vanquished Creatures
  Eustachio (D:5)
  Edmund (D:6)
  An ice beast (D:7)
  2 ogres
  Blork the orc (D:5)
  A bullfrog (D:7)
  2 howler monkeys
  A bullfrog skeleton (D:4)
  6 hounds
  3 orc priests
  Jessica (D:2)
  Ijyb (D:3)
  2 iguanas
  An orc wizard (D:3)
  7 worker ants
  A hound zombie (D:5)
  A hound skeleton (D:6)
  9 adders
  4 gnolls (D:6)
  2 worms
  6 dart slugs
  4 leopard geckos
  15 orcs
  8 bats
  7 giant cockroaches
  10 goblins
  3 hobgoblins
  13 jackals
  9 kobolds
  A quokka (D:3)
  5 ball pythons
  5 frilled lizards
  2 jackal skeletons (D:4)
  A quokka skeleton (D:4)
  7 rats
144 creatures vanquished.

Notes
Turn   | Place    | Note
-------+----------+-------------------------------------------
     0 | D:1      | greprep the Minotaur Fighter began the quest for the Orb.
     0 | D:1      | Reached XP level 1. HP: 19/19 MP: 0/0
    15 | D:1      | Reached skill level 1 in Dodging
    29 | D:1      | Reached XP level 2. HP: 20/26 MP: 1/1
    32 | D:1      | Reached skill level 2 in Dodging
   625 | D:1      | Reached XP level 3. HP: 30/31 MP: 2/2
   669 | D:1      | Reached skill level 3 in Dodging
  1312 | D:2      | Reached skill level 4 in Dodging
  1425 | D:2      | Reached XP level 4. HP: 37/39 MP: 3/3
  1792 | D:2      | Noticed Jessica
  1796 | D:2      | Killed Jessica
  1796 | D:2      | Reached skill level 5 in Dodging
  2055 | D:2      | Reached XP level 5. HP: 45/45 MP: 4/4
  2945 | D:3      | Noticed Ijyb
  2966 | D:3      | Killed Ijyb
  2966 | D:3      | Reached skill level 6 in Dodging
  3500 | D:3      | Reached XP level 6. HP: 33/51 MP: 5/5
  3743 | D:4      | Reached skill level 7 in Dodging
  4717 | D:4      | Reached skill level 8 in Dodging
  4717 | D:4      | Reached XP level 7. HP: 51/57 MP: 6/6
  4831 | D:4      | Found a staircase to the Ecumenical Temple.
  5022 | D:4      | Found a snail-covered altar of Cheibriados.
  5084 | Temple   | Entered the Ecumenical Temple
  5204 | Temple   | Became a worshipper of Qazlal Stormbringer
  5423 | D:5      | Entered Level 5 of the Dungeon
  5503 | D:5      | Found Qyquhioz's Weapon Boutique.
  5516 | D:5      | Noticed Blork the orc
  5524 | D:5      | Killed Blork the orc
  5596 | D:5      | Reached skill level 9 in Dodging
  5612 | D:5      | Noticed Eustachio
  5644 | D:5      | Killed Eustachio
  6130 | D:5      | Found a sparkling altar of Nemelex Xobeh.
  6512 | D:6      | Reached skill level 10 in Dodging
  6512 | D:6      | Reached XP level 8. HP: 60/64 MP: 7/7
  6660 | D:6      | Found a radiant altar of Vehumet.
  6864 | D:6      | Reached skill level 11 in Dodging
  7122 | D:6      | Noticed Edmund
  7130 | D:6      | Killed Edmund
  7499 | D:7      | Reached * piety under Qazlal
  7597 | D:7      | Mangled by an orc warrior

Skill      XL: |  1  2  3  4  5  6  7  8 |
---------------+-------------------------+-----
Dodging        | 1 2 4 5 6 8 10 11 | 11.6
Fighting       | |  3.6
Axes           | |  2.4
Armour         | |  3.6
Shields        | |  3.6

Action                   |  1- 3 |  4- 6 |  7- 9 || total
-------------------------+-------+-------+-------++-------
Melee: War axe           |   177 |   291 |   151 ||   619
       Headbutt          |    18 |    35 |    33 ||    86
  Use: Scroll            |       |     4 |       ||     4
  Eat: Chunk             |     2 |     7 |       ||     9
       Meat ration       |       |     1 |     1 ||     2
       Royal jelly       |       |     1 |       ||     1
Armor: Scale mail        |   127 |   117 |    64 ||   308
Dodge: Dodged            |    73 |   143 |    84 ||   300
Block: Shield            |   126 |   179 |   106 ||   411
